 Seeded DCSS version 0.29.1-1-gd02db6906a (webtiles) character file.

Game seed: 20221004 (custom seed)

151 a11behringer the Ruffian (level 5, -9/41 HPs)
             Began as a Draconian Transmuter on Oct 4, 2022.
             Killed by divine providence
             ... invoked by an orc priest
              (10 damage)
             ... on level 3 of the Dungeon.
             The game lasted 00:06:21 (2527 turns).

a11behringer the Ruffian (Draconian Transmuter)     Turns: 2527, Time: 00:06:22

Health: -9/41      AC:  6    Str: 14    XL:     5   Next: 10%
Magic:  8/8        EV: 12    Int: 14    God:
Gold:   145        SH:  0    Dex: 11    Spells: 7/8 levels left

rFire   . . .      SeeInvis .   k - +0 hand axe
rCold   . . .      Faith    .   (no shield)
rNeg    . . .      Spirit   .   (body armour unavailable)
rPois   .          Reflect  .   (helmet currently unavailable)
rElec   .          Harm     .   (no cloak)
rCorr   .          Rampage  .   h - +0 pair of gloves
Will    .....                   (boots currently unavailable)
Stlth   +.........              (no amulet)
HPRegen 0.13/turn               f - ring of wizardry
MPRegen 0.11/turn               (no ring)

@: confused, appendages (expiring)
A: horns 2, talons 2, AC +5, unfitting armour, cold-blooded
a: End Transformation


You were on level 3 of the Dungeon.
You had temporarily grown beastly horns and talons.
You visited 1 branch of the dungeon, and saw 3 of its levels.

You collected 145 gold pieces.

Inventory:

Hand Weapons
 k - a +0 hand axe (weapon)
Armour
 h - a +0 pair of gloves (worn)
 m - a +1 pair of boots
 n - the +0 pair of boots of Refuge (melded) {Regen+ Int+4 Stlth-}
   (You found it on level 3 of the Dungeon)

   Int:       It affects your intelligence (+4).
   Regen:     It increases your rate of health regeneration.
   Stlth:     It makes you less stealthy.
Jewellery
 f - a ring of wizardry (left hand)
Scrolls
 b - 4 scrolls of identify {unknown}
 c - a scroll of enchant armour {unknown}
 d - a scroll of teleportation {unknown}
 e - a scroll of fear {unknown}
 l - a scroll of fog {unknown}
 o - a scroll of noise {unknown}
Potions
 a - a potion of lignification
 g - a potion of flight {unknown}
 i - a potion of magic {unknown}
 j - a potion of degeneration {unknown}


   Skills:
 + Level 1.6 Fighting
 * Level 1.0 Axes
 + Level 2.4 Dodging
 + Level 1.1 Stealth
 - Level 4.0 Unarmed Combat
 + Level 2.4 Spellcasting
 * Level 2.9 Transmutations


You had 7 spell levels left.
You knew the following spells:

 Your Spells              Type           Power      Damage    Failure   Level
a - Beastly Appendage     Tmut           18%        N/A       2%          1

Your spell library contained the following spells:

 Spells                   Type           Power      Damage    Failure   Level
 Wereblood                Tmut           9%         N/A       4%          2
 Spider Form              Tmut/Pois      5%         N/A       16%         3
 Ice Form                 Ice/Tmut       5%         N/A       43%         4


Dungeon Overview and Level Annotations

Branches:
Dungeon (3/15)

Altars:


Innate Abilities, Weirdness & Mutations

You have temporarily grown beastly horns and talons.
Your plain brown scales are hard. (AC +5)
You cannot fit into any form of body armour.
You are cold-blooded and may be slowed by cold attacks.


Message History

You are too injured to fight recklessly!
Casting: Beastly Appendage (safe; 2% risk of failure)
Confirm with . or Enter, or press ? or * to list all spells.
You grow a pair of large bovine horns.
Your feet morph into talons.
The +0 pair of boots of Refuge {Regen+ Int+4 Stlth-} melds into your body.
The giant cockroach misses you.
You hit the giant cockroach.
The giant cockroach is moderately wounded.
The giant cockroach barely misses you.
The giant cockroach bites you but does no damage.
You barely miss the giant cockroach. You claw the giant cockroach.
The giant cockroach is severely wounded.
The giant cockroach bites you but does no damage.
You hit the giant cockroach.
You kill the giant cockroach!
You barely miss the orc. You claw the orc!
You kill the orc!
Your Axes skill increases to level 1!
You hit the goblin.
You kill the goblin!
The orc wizard gestures at you while chanting.
You are confused.
The orc priest mumbles some strange prayers to Beogh against you.
Pain shoots through your body!
* * * LOW HITPOINT WARNING * * *
Unknown command.
The orc wizard casts a spell at you. You resist with some effort.
The orc priest hits you with a +0 mace.
* * * LOW HITPOINT WARNING * * *
The orc wizard gestures wildly while chanting.
The orc wizard flickers and vanishes!
Deactivating autopickup; reactivate with Ctrl-A.
Items here: )) ††.
You bump into the rock wall.
The orc wizard points at you and mumbles some strange words.
The puff of flame hits you.
* * * LOW HITPOINT WARNING * * *
The orc priest invokes the aid of Beogh against you.
Beogh smites you!
You die...

....'...##.#
#. #....
#...###.##.##
.# ## #....
#...# #.....#
.# #.... #...#
####..## .#
#.### #...#
#...# .# #
##'## #.#.# o#
#.# #.#.### {#
#.#
#.#...##o###.#
##.#
#.###..@o....#
...# #.#
####.##..#
#### .. .# ..
.. ... ....
..... .....#


You could see an orc priest, an orc wizard and an orc.

Vanquished Creatures
  Jessica (D:2)
  Natasha (D:2)
  3 adders (D:2)
  A worm (D:2)
  3 dart slugs
  4 orcs
  6 ball pythons
  5 endoplasms
  3 giant cockroaches
  5 hobgoblins
  2 quokkas
  3 bats
  5 frilled lizards
  10 goblins
  6 kobolds
  5 rats
63 creatures vanquished.

Notes
Turn   | Place    | Note
-------+----------+-------------------------------------------
     0 | D:1      | a11behringer the Draconian Transmuter began the quest for
                  | the Orb.
     0 | D:1      | Reached XP level 1. HP: 16/16 MP: 3/3
   377 | D:1      | Reached XP level 2. HP: 23/23 MP: 5/5
   868 | D:1      | Reached XP level 3. HP: 28/28 MP: 3/6
  1272 | D:2      | Found a faded altar of an unknown god.
  1436 | D:2      | Noticed Jessica
  1441 | D:2      | Killed Jessica
  1442 | D:2      | Reached skill level 4 in Unarmed Combat
  1442 | D:2      | Reached XP level 4. HP: 35/35 MP: 7/7
  1851 | D:2      | Reached skill level 1 in Stealth
  2044 | D:2      | Noticed Natasha
  2055 | D:2      | Killed Natasha
  2056 | D:2      | Reached XP level 5. HP: 37/41 MP: 8/8
  2451 | D:3      | Identified the +0 pair of boots of Refuge {Regen+ Int+4
                  | Stlth-}
  2525 | D:3      | Reached skill level 1 in Axes
  2527 | D:3      | HP: 1/41 [orc wizard/puff of flame (5)]
  2527 | D:3      | Killed from afar by an orc priest

Illustrated notes

Levels and vault maps discovered:
D:1:      psy_arrival_radial01, layout_basic
D:2:      layout_loops_ring, nicolae_ecumenical_pavilion,
          guppyfry_early_orc_mine, uniq_jessica, uniq_natasha
D:3:      minmay_chambers_of_threes, layout_basic, mainiacjoe_overflow_chevrons,
          dk_noncrumbling_3, dreamdust_princess_corridor

Skill      XL: |  1  2  3  4  5 |
---------------+----------------+-----
Dodging        | 2 |  2.4
Unarmed Combat | 4 |  4.0
Stealth        | 1 |  1.1
Axes           | 1 |  1.0
Fighting       | |  1.6
Spellcasting   | |  2.4
Transmutations | |  2.9

Action                   |  1- 3 |  4- 6 || total
-------------------------+-------+-------++-------
Melee: Unarmed           |   107 |    37 ||   144
       Tailslap          |    15 |     5 ||    20
       Headbutt          |     4 |     1 ||     5
       Punch             |     2 |     2 ||     4
       Kick              |     1 |    11 ||    12
       Hand axe          |       |    60 ||    60
 Cast: Beastly Appendage |     7 |     3 ||    10
 Stab: Sleeping          |     2 |     1 ||     3
Armor: Skin              |    33 |    44 ||    77
Dodge: Dodged            |    67 |    84 ||   151
